 Dungeon Crawl Stone Soup version 0.29-a0-72-g1732ff48e7 (webtiles) character file.

Game seed: 3654107141255169336

791 HallandMoats the Skirmisher (level 7, -9/38 HPs)
             Began as a Vine Stalker Fighter on Feb 3, 2022.
             Was a Priest of Zin.
             Mangled by an ogre (12 damage)
             ... on level 5 of the Dungeon.
             The game lasted 00:05:23 (3739 turns).

HallandMoats the Skirmisher (Vine Stalker Fighter)  Turns: 3739, Time: 00:05:23

Health: -9/38      AC:  8    Str: 20    XL:     7   Next: 88%
Magic:  0/10       EV: 10    Int:  8    God:    Zin [***...]
Gold:   203        SH:  5    Dex: 14    Spells: 6/6 levels left

rFire   . . .      SeeInvis .   a - +2 dagger (venom)
rCold   . . .      Faith    .   c - +0 buckler
rNeg    . . .      Spirit   +   o - +0 scale mail
rPois   .          Reflect  .   (no helmet)
rElec   .          Harm     .   e - scarf {repulsion}
rCorr   .          Rampage  .   v - +0 pair of gloves
Will    .....                   (no boots)
Stlth   ..........              (no amulet)
HPRegen 0.92/turn               (no ring)
MPRegen 0.12/turn               (no ring)

@: repel missiles
A: fangs 2, regeneration 1, magic shield, antimagic bite, no potion heal 2
a: Renounce Religion, Recite, Vitalisation, Imprison, Donate Gold


You were on level 5 of the Dungeon.
You worshipped Zin.
Zin was most pleased with you.
You visited 1 branch of the dungeon, and saw 5 of its levels.

You collected 225 gold pieces.
You donated 22 gold pieces to Zin.

Inventory:

Hand Weapons
 a - a +2 dagger of venom (weapon)
 b - a +2 whip of electrocution
 p - a +0 trident
Armour
 c - a +0 buckler (worn)
 e - a scarf of repulsion (worn)
 o - a +0 scale mail (worn)
 v - a +0 pair of gloves (worn)
Jewellery
 u - a ring of fire
Scrolls
 f - 4 scrolls of identify {unknown}
 h - 3 scrolls of teleportation {unknown}
 n - 2 scrolls of magic mapping {unknown}
 q - a scroll of torment {unknown}
 r - a scroll of enchant armour {unknown}
 t - a scroll of fear {unknown}
 w - a scroll of noise {unknown}
Potions
 d - a potion of might
 g - a potion of heal wounds {unknown}
 i - 2 potions of curing {unknown}
 j - 3 potions of lignification {unknown}
 k - 2 potions of haste {unknown}
 l - 2 potions of ambrosia {unknown}
 m - a potion of invisibility {unknown}
 s - a potion of brilliance {unknown}


   Skills:
 * Level 4.4 Fighting
 * Level 4.0 Polearms
 + Level 3.4 Armour
 + Level 2.0 Dodging
 + Level 3.6 Shields
 * Level 3.7 Invocations


You had 6 spell levels left.
You didn't know any spells.
Your spell library contained the following spells:

 Spells                   Type           Power      Damage    Failure   Level
 Sublimation of Blood     Necr           0%         N/A       94%         2
 Wereblood                Tmut           0%         N/A       94%         2
 Summon Hydra             Summ           0%         N/A       100%        7


Dungeon Overview and Level Annotations

Branches:
Dungeon (5/15)
 Temple: D:4-7

Altars:
Elyvilon
Fedhas
Trog
Wu Jian
Zin


Innate Abilities, Weirdness & Mutations

You have extremely sharp teeth.
Your natural rate of healing is unusually fast.
When hurt, damage is shared between your health and your magic reserves.
Your bite disrupts and absorbs the magic of your enemies.
Potions cannot restore your health.


Message History

The scorpion barely misses you.
You barely miss the scorpion.
The scorpion is lightly wounded.
The scorpion stings you but does no damage.
You barely miss the scorpion.
The scorpion is heavily wounded.
The scorpion closely misses you.
You completely miss the scorpion.
The scorpion is severely wounded.
The scorpion barely misses you.
You closely miss the scorpion. Your bite misses the scorpion.
The scorpion is almost dead.
You kill the scorpion!
Your Dodging skill increases to level 2!
You hit the ogre but do no damage.
The ogre is poisoned.
Your bite misses the ogre. The ogre misses you.
You hit the ogre.
The ogre looks as sick as possible!
You bite the ogre. You drain its power.
The ogre is moderately wounded.
You block the ogre's attack.
You hit the ogre. You bite the ogre. You drain its power.
The ogre is severely wounded.
You block the ogre's attack.
You hit the ogre.
You kill the ogre!
Your Polearms skill increases to level 4!
You hit the ogre. You bite the ogre. You drain its power.
The ogre is moderately wounded.
The ogre hits you with a +0 giant club!!
You closely miss the ogre. You bite the ogre, but do no damage.
The ogre is moderately wounded.
The ogre hits you with a +0 giant club!!
Ouch! That really hurt!
* * * LOW HITPOINT WARNING * * *
You barely miss the ogre.
The ogre is moderately wounded.
You hit the ogre. You bite the ogre! You drain its power.
You feel invigorated.
The ogre is severely wounded.
The ogre hits you with a +0 giant club!!
You die...

...................
...................
...................
............s......
##'###.####.####.#####
.......#.......#.....#
.......#(......#.....#
.......#.......#.....#
.......#..._...^@....#####
#......#.......#O###.....#
#......#.......#l..#.....#
#......#.).....#...#.....#
+......####^####...#.....#
#.............)..###.....#
##......####.............#
#.....+..<...#........(.#
#.....#......#....<.....#


You could see an ogre and an iguana.

Vanquished Creatures
  A sky beast (D:5)
  2 ogres (D:5)
  A phantom (D:5)
  A scorpion (D:5)
  2 hounds (D:5)
  2 centaur skeletons
  A jelly (D:4)
  An iguana (D:5)
  A scorpion zombie (D:5)
  A hound skeleton (D:4)
  A howler monkey zombie (D:5)
  8 adders
  A gnoll (D:1)
  3 worms
  2 dart slugs
  5 orcs
  11 ball pythons
  4 endoplasms
  3 giant cockroaches
  11 goblins
  6 hobgoblins
  2 jackals (D:1)
  2 quokkas
  9 bats
  4 frilled lizards
  9 kobolds
  4 rats
98 creatures vanquished.

Notes
Turn   | Place    | Note
-------+----------+-------------------------------------------
     0 | D:1      | HallandMoats the Vine Stalker Fighter began the quest for
                  | the Orb.
     0 | D:1      | Reached XP level 1. HP: 11/11 MP: 2/2
   150 | D:1      | Reached XP level 2. HP: 15/16 MP: 3/3
   383 | D:1      | Found a faded altar of an unknown god.
   400 | D:1      | Prayed at the altar of an unknown god.
   400 | D:1      | Became a worshipper of Zin the Law-Giver
   400 | D:1      | Reached * piety under Zin
   640 | D:1      | Reached XP level 3. HP: 20/20 MP: 4/4
   728 | D:1      | Reached skill level 1 in Invocations
  1333 | D:2      | Gained mutation: Your natural rate of healing is unusually
                  | fast. [Vine Stalker growth]
  1333 | D:2      | Reached XP level 4. HP: 17/24 MP: 4/6
  1762 | D:3      | Reached ** piety under Zin
  1779 | D:3      | Found a glowing silver altar of Zin.
  1862 | D:3      | Reached skill level 1 in Dodging
  1891 | D:3      | Reached XP level 5. HP: 28/28 MP: 7/7
  2197 | D:3      | Found a bloodstained altar of Trog.
  2437 | D:4      | Found a blossoming altar of Fedhas.
  2492 | D:4      | Reached *** piety under Zin
  2576 | D:4      | Reached XP level 6. HP: 26/32 MP: 6/8
  3235 | D:5      | Entered Level 5 of the Dungeon
  3333 | D:5      | Found a white marble altar of Elyvilon.
  3366 | D:5      | Found an ornate altar of the Wu Jian Council.
  3409 | D:5      | HP: 1/33 [poisoned by a scorpion]
  3462 | D:5      | Reached XP level 7. HP: 36/37 MP: 10/10
  3737 | D:5      | HP: 1/38 [ogre (20)]
  3739 | D:5      | Mangled by an ogre

Illustrated notes

Levels and vault maps discovered:
D:1:      minmay_arrival_hallway, layout_basic,
          nicolae_ecumenical_snake_handling, minmay_misc_feat_rows
D:2:      layout_basic
D:3:      corexii_shack_village, layout_rooms,
          mainiacjoe_overflow_large_starburst
D:4:      nicolae_cairo_tiling_very_big, layout_basic,
          mainiacjoe_overflow_tiny_flanked, serial_bayou_ford_a
D:5:      layout_gridville, lemuel_tele_altar, kennysheep_little_box

Skill      XL: |  1  2  3  4  5  6  7 |
---------------+----------------------+-----
Polearms       | 2 3 4 |  4.0
Fighting       | 3 4 |  4.4
Invocations    | 1 2 3 |  3.7
Shields        | 3 |  3.6
Dodging        | 1 2 |  2.0
Armour         | 3 |  3.4

Action                   |  1- 3 |  4- 6 |  7- 9 || total
-------------------------+-------+-------+-------++-------
Melee: Trident           |    92 |    91 |       ||   183
       Bite              |    14 |    30 |    18 ||    62
       Whip              |       |    56 |     3 ||    59
       Dagger            |       |       |    42 ||    42
Armor: Scale mail        |    31 |    42 |    21 ||    94
Dodge: Dodged            |    23 |    64 |    16 ||   103
Block: Buckler           |    16 |    22 |     9 ||    47

Table legend: (Time is in decaauts)
 A = Elapsed time spent in this place.
 B = Non-inter-level travel time spent in this place.
 C = Inter-level travel time spent in this place.
 D = Time resting spent in this place.
 E = Time spent auto-exploring this place.
 F = Levels seen in this place.
 G = Mean time per level.
                   A        B        C        D        E       F      G
               +--------+--------+--------+--------+--------+-----+--------+
         Total |   3792 |   3663 |    129 |     44 |   2885 |   5 |  758.4 |
       Dungeon |   3792 |   3663 |    129 |     44 |   2885 |   5 |  758.4 |
               +--------+--------+--------+--------+--------+-----+--------+

Top non-repeatable levels by time:
     D:1: 964 daAuts
     D:4: 901 daAuts
     D:2: 793 daAuts
     D:3: 625 daAuts
     D:5: 507 daAuts
